 Dungeon Crawl Stone Soup version 0.26.1-11-gd32895ea62 (webtiles) character file.

Game seed: 1294215898536990891

53 Descartes the Ducker (level 3, -2/15 HPs)
             Began as a Felid Transmuter on July 25, 2021.
             Slain by a gnoll
             ... wielding a +0 spear
              (5 damage)
             ... on level 2 of the Dungeon.
             The game lasted 00:01:59 (2314 turns).

Descartes the Ducker (Felid Transmuter)             Turns: 2314, Time: 00:01:59

Health: -2/15      AC:  1    Str:  7    XL:     3   Next: 62%
Magic:  6/7        EV: 19    Int: 14    God:
Gold:   59         SH:  0    Dex: 16    Spells: 5/6 levels left
                                        Lives:  0   Deaths: 0

rFire    . . .     SeeInvis +     - Unarmed
rCold    . . .     Faith    .   (shield unavailable)
rNeg     . . .     Spirit   .   (armour unavailable)
rPois    .         Reflect  .   (helmet unavailable)
rElec    .         Harm     .   (cloak unavailable)
rCorr    .         Rampage  .   (gloves unavailable)
Will     .....                  (boots unavailable)
Stlth    +++.......             (no amulet)
HPRegen  0.05/turn              (no ring)
MPRegen  0.10/turn              (no ring)

@: appendages, quick
A: very small, no armour, no weapons or thrown items, stealth, claws 1, fangs 3,
horns 2, see invisible, speed 1, shaggy fur 1, sharp paws
a: End Transformation


You were on level 2 of the Dungeon.
You had grown temporary horns.
You visited 1 branch of the dungeon, and saw 2 of its levels.

You collected 59 gold pieces.

Inventory:

Missiles
 f - 19 stones
Jewellery
 c - a +6 ring of intelligence {unknown}
 h - an uncursed ring of resist corrosion {unknown}
Scrolls
 a - 2 scrolls of remove curse {unknown}
 d - a scroll of identify {unknown}
 e - a scroll of random uselessness {unknown}
 g - a scroll of enchant armour {unknown}
Potions
 b - a potion of lignification {unknown}


   Skills:
 - Level 1.0 Fighting
 + Level 3.5 Dodging
 + Level 2.2 Stealth
 + Level 3.4 Unarmed Combat
 - Level 2.0 Spellcasting
 + Level 2.9 Transmutations


You had 5 spell levels left.
You knew the following spells:

 Your Spells              Type           Power        Failure   Level
a - Beastly Appendage     Tmut           18%          7%          1

Your spell library contained the following spells:

 Spells                   Type           Power        Failure   Level
 Wereblood                Tmut           9%           11%         2
 Spider Form              Tmut/Pois      2%           36%         3
 Ice Form                 Ice/Tmut       5%           78%         4
 Blade Hands              Tmut           4%           89%         5


Dungeon Overview and Level Annotations

Branches:
Dungeon (2/15)

Altars:


Innate Abilities, Weirdness & Mutations

You cannot wear armour.
You are incapable of wielding weapons or throwing items.
Your paws allow you to move quietly. (Stealth)
You have sharp claws.
You have razor-sharp teeth.
You have supernaturally acute eyesight. (SInv)
You cover ground quickly.
You are covered in fur. (AC +1)
Your sharp claws are effective at attacking unaware monsters.
You have a pair of horns on your head.


Message History

You see here a +0 flail.
Magic restored.
Your horns disappear.
HP restored.
Done exploring.
There is an escape hatch in the floor here.
You slide downwards.
The hatch slams shut behind you.
A quokka comes into view.
The quokka moves out of view.
Casting: Beastly Appendage (safe; 7% risk of failure)
Confirm with . or Enter, or press ? or * to list all spells.
You grow a pair of large bovine horns.
The gnoll hits you with a +0 spear!
Ouch! That really hurt!
You are too injured to fight recklessly!
You are too injured to fight recklessly!
You barely miss the gnoll. The gnoll hits you with a +0 spear.
* * * LOW HITPOINT WARNING * * *
You barely miss the gnoll. The gnoll hits you with a +0 spear.
You die...

....#.##.##.#####
##.......#g......
.....
..h......+....... ....
....#.####....... ...
.####.####....####..#
..รท..<.g.)..........#
..##############....#
..# #g...# #.#
####@...# #.#
#.......# ..#
#.....#.# ######
#.....# .. .....#
#.....# .# ####.
#.....+ # #.....#
##...## # #.###


You could see a gnoll.

Vanquished Creatures
  2 gnolls
  An ooze (D:1)
  2 dart slugs (D:1)
  3 bats (D:1)
  4 giant cockroaches
  A goblin (D:1)
  3 hobgoblins (D:1)
  4 jackals (D:2)
  A ball python (D:1)
  2 frilled lizards (D:1)
  2 kobolds
  A rat (D:2)
26 creatures vanquished.

Notes
Turn   | Place    | Note
-------+----------+-------------------------------------------
     0 | D:1      | Descartes the Felid Transmuter began the quest for the Orb.
     0 | D:1      | Reached XP level 1. HP: 9/9 MP: 4/4
   560 | D:1      | Reached skill level 1 in Stealth
  1039 | D:1      | Reached XP level 2. HP: 9/12 MP: 4/6
  1781 | D:2      | Reached XP level 3. HP: 15/15 MP: 5/7
  2314 | D:2      | Slain by a gnoll

Illustrated notes

Levels and vault maps discovered:
D:1:      erik_arrival_blinker_ship, layout_loops_corners, nrook_uturn
D:2:      layout_basic, old_standard_altar

Skill      XL: |  1  2  3 |
---------------+----------+-----
Stealth        | 1 2 |  2.2
Dodging        | 3 |  3.5
Fighting       | |  1.0
Unarmed Combat | |  3.4
Spellcasting   | |  2.0
Transmutations | |  2.9

Action                   || total
-------------------------++-------
Melee: Unarmed           ||    70
       Headbutt          ||    10
       Bite              ||     6
       Punch             ||     1
 Cast: Beastly Appendage ||    23
 Stab: Sleeping          ||     5
Armor: Skin              ||     6
Dodge: Dodged            ||    63
